 Dungeon Crawl Stone Soup version 0.28.0-43-g3370ac3207 (webtiles) character file.

Game seed: 5772387390322449019

1276 Faeu the Skirmisher (level 8, -1/63 (65) HPs)
             Began as a Minotaur Fighter on Mar 28, 2022.
             Was a Follower of Hepliaklqana.
             Slain by a wight
             ... wielding a +4 long sword
              (6 damage)
             ... on level 7 of the Dungeon.
             The game lasted 00:21:00 (6544 turns).

Faeu the Skirmisher (Minotaur Fighter)              Turns: 6544, Time: 00:21:00

HP:   -1/63 (65)    AC: 11    Str: 22    XL:     8   Next: 29%
MP:   7/7           EV:  9    Int:  5    God:    Hepliaklqana [*.....]
Gold: 181           SH:  5    Dex: 11    Spells: 7/7 levels left

rFire   . . .      SeeInvis +   q - +1 mace of Faeu's Untimely Demise {drain, Stlth+, mace}
rCold   . . .      Faith    .   c - +0 buckler
rNeg    . . .      Spirit   .   b - +0 scale mail
rPois   +          Reflect  .   (helmet restricted)
rElec   .          Harm     .   z - +0 cloak
rCorr   .          Rampage  .   G - +0 pair of gloves
Will    .....                   D - +0 pair of boots {Stlth+}
Stlth   ++........              (no amulet)
HPRegen 0.20/turn               k - ring of poison resistance
MPRegen 0.10/turn               w - ring of see invisible

@: lightly drained
A: reduced essence, horns 2, retaliatory headbutt
a: Renounce Religion, Recall Ancestor, Ancestor Identity


You were on level 7 of the Dungeon.
You worshipped Hepliaklqana.
Hepliaklqana was aware of your devotion.
You visited 2 branches of the dungeon, and saw 8 of its levels.

You collected 346 gold pieces.
You spent 165 gold pieces at shops.


Innate Abilities, Weirdness & Mutations

Your life essence is reduced to manifest your ancestor. (-10% HP)
You have a pair of horns on your head.
You reflexively headbutt those who attack you in melee.


   Skills:
 + Level 7.1 Fighting
 + Level 6.4 Long Blades
 + Level 7.0 Armour
 + Level 7.0 Shields


You had 7 spell levels left.
You didn't know any spells.
Your spell library contained the following spells:

 Spells                   Type           Power      Damage    Failure   Level
 Magic Dart               Conj           0%         1d3       85%         1
 Blink                    Tloc           0%         N/A       94%         2
 Ensorcelled Hibernation  Hex/Ice        0%         N/A       94%         2
 Searing Ray              Conj           0%         2d4       94%         2
 Spider Form              Tmut/Pois      0%         N/A       99%         3
 Anguish                  Hex/Necr       0%         N/A       100%        4
 Fulminant Prism          Conj/Hex       0%         3d6       100%        4
 Manifold Assault         Tloc           0%         N/A       100%        5
 Storm Form               Tmut/Air       0%         N/A       100%        7

Inventory:

Hand Weapons
 a - a +0 long sword {long}
 q - the +1 mace of Faeu's Untimely Demise (weapon) {drain, Stlth+, mace}
   (You found it on level 2 of the Dungeon)

   A truly terrible weapon, it drains the life of any living foe it strikes.
   Stlth:     It makes you more stealthy.
Missiles
 f - 2 javelins {throwing}
 m - 9 poisoned darts (quivered) {throwing}
Armour
 b - a +0 scale mail (worn)
 c - a +0 buckler (worn)
 z - a +0 cloak (worn)
   (You took it off Crazy Yiuf on level 4 of the Dungeon)
 D - a +0 pair of boots of stealth (worn)
   (You bought it in a shop on level 5 of the Dungeon)
 G - a +0 pair of gloves (worn)
   (You found it on level 6 of the Dungeon)
Jewellery
 k - a ring of poison resistance (left hand)
   (You found it on level 1 of the Dungeon)
 w - a ring of see invisible (right hand)
   (You found it on level 4 of the Dungeon)
Wands
 t - a wand of flame (24)
   (You took it off a goblin on level 3 of the Dungeon)
 x - a wand of polymorph (9)
   (You found it on level 4 of the Dungeon)
 H - a wand of iceblast (7)
   (You found it on level 6 of the Dungeon)
Scrolls
 g - a scroll of magic mapping {unknown}
 h - 4 scrolls of noise {unknown}
 j - 2 scrolls of amnesia {unknown}
 r - 2 scrolls of teleportation {unknown}
 u - a scroll of silence {unknown}
 v - a scroll of identify {unknown}
 y - a scroll of enchant weapon {unknown}
 C - 2 scrolls of fog {unknown}
 E - a scroll of vulnerability {unknown}
 I - a scroll of fear {unknown}
 J - a scroll of immolation {unknown}
Potions
 d - a potion of might
 e - a potion of resistance {unknown}
 i - 2 potions of attraction {unknown}
 l - a potion of degeneration {unknown}
 n - a potion of magic {unknown}
 o - 2 potions of haste {@q3}
 p - a potion of heal wounds {unknown}
 s - 3 potions of curing {unknown}
 A - 3 potions of brilliance {unknown}
 B - a potion of ambrosia {unknown}
 F - a potion of lignification {unknown}

Dungeon Overview and Level Annotations

Branches:
Dungeon (7/15)             Temple (1/1) D:5

Altars:
Ashenzari
Cheibriados
Dithmenos
Elyvilon
Fedhas
Gozag
Hepliaklqana
Kikubaaqudgha
Nemelex Xobeh
Qazlal
Ru
Sif Muna
Trog
Uskayaw
Vehumet
Wu Jian
Xom
Zin
The Shining One

Shops:
D:5

*[ #. #. # #.
..#
###.#####....
####..........M#
........)..c.#
####.#..####.#
#..z#
#.###########@#
#.#.....#.).)R#
#.#.###.#.#####
#.#.#...#...#
#...#.#####.#
####...#.......#
.......#.#####.#
...###.#.. ..#
##.....###.# ###


You could see the friendly Hrodulf the ancestor and a wight (ally target).


Message History

Menkaure shouts, "The curse of the Pharaohs be upon you!"
You thump Menkaure!
Menkaure points at you and mumbles some strange words.
Pain shoots through your body!
* * * LOW HITPOINT WARNING * * *
You block Menkaure's attack. 😱 HP[-5]
You take 5 damage, and now have 12/63 hp.
You barely miss Menkaure.
You headbutt Menkaure, but do no damage.
Menkaure closely misses you. Menkaure barely misses you.
You barely miss Menkaure.
Menkaure draws the symbol "Udjat" in the dust.
Menkaure completely misses you. You furiously retaliate!
You headbutt Menkaure! 😱 HP[+1]
You thump Menkaure!
You destroy Menkaure!
Your Fighting skill increases to level 7!
Your Shields skill increases to level 7!
You now have 65 max hp (+2).
Things that are here:
a +0 shortbow {bow}; 24 arrows; a centaur corpse 😱 HP[+1]
You start resting.
Ancestor HP restored. 😱 HP[+1]
You start resting.
You hear the creaking of a distant portcullis.
A wight comes into view. It is wielding a +0 falchion. 😨 HP[+7]
You regained 7 hp, and now have 22/65 hp.
You barely miss the wight.
You feel a little less mighty now. The wight hits you with a +0 falchion.
* * * LOW HITPOINT WARNING * * *
😱 HP[-6]
You take 6 damage, and now have 16/65 hp.
You hit the wight. The wight hits you but does no damage.
The wight hits you with a +0 falchion.
* * * LOW HITPOINT WARNING * * *
😱 HP[-6]
You take 6 damage, and now have 10/65 hp.
You closely miss the wight. You headbutt the wight.
The wight hits you with a +0 falchion.
* * * LOW HITPOINT WARNING * * *
😱 HP[-3]
You take 3 damage, and now have 7/65 hp.
You sock the wight!
You destroy the wight!
Your Armour skill increases to level 7!
Things that are here:
a +0 falchion {long}; a +0 robe 😱 HP[+1]
You start resting.
A wight comes into view.
It is wielding a +4 long sword. 😱 HP[+2]
You regained 2 hp, and now have 10/65 hp.
You swap places.
Things that are here:
a +0 falchion {long}; a +0 robe The wight hits Hrodulf with a +4 long sword.
You hear the steady creaking of a distant portcullis.
Hrodulf hits the wight but does no damage.
The wight hits Hrodulf with a +4 long sword! 😱 HP[+1] Hrodulf hits the wight but does no damage.
The wight hits Hrodulf with a +4 long sword!
You swap places.
The wight hits you with a +4 long sword.
* * * LOW HITPOINT WARNING * * *
You feel drained. 😱 HP[-3]
You now have 64 max hp (-1).
You take 3 damage, and now have 8/64 hp.
You hit the wight but do no damage.
The wight hits you with a +4 long sword.
* * * LOW HITPOINT WARNING * * *
You block the wight's attack. 😱 HP[-1]
You take 1 damage, and now have 7/64 hp.
You hit the wight but do no damage.
The wight barely misses you. 😱 HP[+1] Unknown command.
You hit the wight but do no damage. You headbutt the wight!
The wight closely misses you. x2
You hit the wight. You block the wight's attack.
You hit the wight but do no damage. The wight completely misses you.
You hit the wight but do no damage.
The wight hits you with a +4 long sword.
* * * LOW HITPOINT WARNING * * *
You feel drained.
* * * LOW HITPOINT WARNING * * *
The wight hits you with a +4 long sword.
* * * LOW HITPOINT WARNING * * *
😱 HP[-3]
You now have 63 max hp (-1).
You take 3 damage, and now have 5/63 hp.
You completely miss the wight.
The wight hits you with a +4 long sword.
You die...

Skill      XL: |  1  2  3  4  5  6  7  8 |
---------------+-------------------------+-----
Fighting       | 4 5 6 7 |  7.1
Armour         | 4 5 6 7 |  7.0
Shields        | 4 5 6 7 |  7.0
Long Blades    | 3 4 5 6 |  6.4

Action                   |  1- 3 |  4- 6 |  7- 9 || total
-------------------------+-------+-------+-------++-------
Melee: Long sword        |    71 |       |       ||    71
       Headbutt          |     8 |    21 |    14 ||    43
       Mace              |    14 |   129 |    94 ||   237
Throw: Dart              |       |     3 |       ||     3
       Javelin           |       |     2 |       ||     2
  Use: Potion            |       |       |     1 ||     1
 Stab: Sleeping          |       |     1 |     1 ||     2
Armor: Scale mail        |    38 |    66 |    41 ||   145
Dodge: Dodged            |    47 |    53 |    45 ||   145
Block: Buckler           |    22 |    29 |    36 ||    87

Levels and vault maps discovered:
D:1:      dpeg_arrival_shelter, layout_basic
D:2:      layout_loops_ring, dreamdust_ecumenical_altar_hidden_monk_grotto
D:3:      layout_basic, gammafunk_temple_overflow_statue, vehumet_altar_wand_db
D:4:      layout_loops_ring, nzn_wu_jian_council_hall, uniq_crazy_yiuf_cottage
D:5:      layout_cave_pools, elyvilon_altar_1,
          mainiacjoe_overflow_catwalk_spiral, lemuel_round_altar,
          lemuel_zombie_altar_kikubaaqudgha, minmay_temple_entry_wispy,
          minmay_shop_grid_forest, minmay_shop_damaged
D:6:      layout_basic, chequers_serial_rivers_micro_c
D:7:      layout_loops_ring, enter_bailey_3, minmay_misc_feat_ornament,
          lightli_minifort, uniq_prince_ribbit1, uniq_menkaure
Temple:   jpeg_temple_alley_garden

Notes
Turn   | Place    | Note
-------+----------+-------------------------------------------
     0 | D:1      | Faeu the Minotaur Fighter began the quest for the Orb.
     0 | D:1      | Reached XP level 1. HP: 19/19 MP: 0/0
     0 | D:1      | magus.rc [v1.9.6]
   211 | D:1      | Reached XP level 2. HP: 14/27 MP: 1/1
   350 | D:1      | You pick up a book of Conjurations {@e2} and begin
                  | reading...
   350 | D:1      | You add the spells Magic Dart, Searing Ray and Fulminant
                  | Prism to your library.
   627 | D:1      | Reached skill level 4 in Fighting
   833 | D:1      | Reached skill level 4 in Armour
   833 | D:1      | Reached skill level 4 in Shields
  1033 | D:1      | Reached skill level 3 in Long Blades
  1202 | D:2      | Reached XP level 3. HP: 33/33 MP: 2/2
  1325 | D:2      | Identified the +1 mace of Faeu's Untimely Demise {drain,
                  | Stlth+}
  1547 | D:2      | Reached XP level 4. HP: 33/41 MP: 3/3
  1660 | D:2      | Found a faded altar of an unknown god.
  1990 | D:3      | Found a radiant altar of Vehumet.
  2183 | D:3      | Found a shadowy altar of Dithmenos.
  2183 | D:3      | Found a blossoming altar of Fedhas.
  2906 | D:4      | You pick up a book of Dreams and begin reading...
  2906 | D:4      | You add the spells Ensorcelled Hibernation, Spider Form and
                  | Anguish to your library.
  2996 | D:4      | Reached XP level 5. HP: 41/47 MP: 4/4
  3293 | D:4      | Reached skill level 4 in Long Blades
  3334 | D:4      | Reached skill level 5 in Fighting
  3409 | D:4      | Found a runed translucent door.
  3410 | D:4      | Noticed Crazy Yiuf
  3446 | D:4      | You add the spells Blink, Manifold Assault and Storm Form
                  | to your library.
  3478 | D:4      | Found an ornate altar of the Wu Jian Council.
  3532 | D:4      | Killed Crazy Yiuf
  3533 | D:4      | Reached skill level 5 in Armour
  3533 | D:4      | Reached skill level 5 in Shields
  3863 | D:5      | Entered Level 5 of the Dungeon
  3863 | D:5      | Noticed a necrophage
  3864 | D:5      | Found Umeg's Lightly-Used Armoury.
  3871 | D:5      | Killed a necrophage
  3872 | D:5      | Reached XP level 6. HP: 28/56 MP: 5/5
  4115 | D:5      | Found a white marble altar of Elyvilon.
  4137 | D:5      | Found a stormy altar of Qazlal.
  4304 | D:5      | Found Cupeuvon's Antique Armour Shop.
  4472 | D:5      | Bought a pair of embroidered boots for 165 gold pieces
  4635 | D:5      | Found a staircase to the Ecumenical Temple.
  4646 | Temple   | Entered the Ecumenical Temple
  4712 | Temple   | Became a worshipper of Hepliaklqana the Forgotten
  4777 | D:5      | Reached skill level 5 in Long Blades
  4777 | D:5      | Reached XP level 7. HP: 61/62 MP: 6/6
  4797 | D:5      | Found a sparkling altar of Nemelex Xobeh.
  4803 | D:5      | Found a shimmering blue altar of Sif Muna.
  4932 | D:5      | Found an ancient bone altar of Kikubaaqudgha.
  5605 | D:6      | Reached skill level 6 in Fighting
  5605 | D:6      | Reached skill level 6 in Shields
  5653 | D:6      | Reached skill level 6 in Armour
  5853 | D:6      | Reached * piety under Hepliaklqana
  6421 | D:7      | Reached skill level 6 in Long Blades
  6421 | D:7      | Reached XP level 8. HP: 58/63 MP: 7/7
  6450 | D:7      | Noticed Menkaure
  6468 | D:7      | HP: 12/63 [Menkaure/nerve-wracking pain (5)]
  6471 | D:7      | Killed Menkaure
  6472 | D:7      | Reached skill level 7 in Fighting
  6472 | D:7      | Reached skill level 7 in Shields
  6514 | D:7      | HP: 16/65 [wight/+0 falchion (6)]
  6516 | D:7      | HP: 7/65 [wight/+0 falchion (4)]
  6518 | D:7      | Reached skill level 7 in Armour
  6537 | D:7      | HP: 8/65 [wight/+4 long sword (3)]
  6543 | D:7      | HP: 7/64 [wight/+4 long sword (2)]
  6544 | D:7      | Slain by a wight

Vanquished Creatures
  Menkaure (D:7)
  A necrophage (D:5)
  A sky beast (D:6)
  An ogre (D:7)
  A centaur (D:7)
  4 scorpions
  A wight (D:7)
  A bullfrog zombie (D:6)
  An orc priest (D:4)
  A hound (D:5)
  A jelly (D:7)
  Crazy Yiuf (D:4)
  A bullfrog skeleton (D:6)
  A centaur skeleton (D:5)
  3 iguanas
  An orc wizard (D:5)
  A killer bee zombie (D:5)
  2 hound zombies (D:5)
  2 hound skeletons (D:4)
  4 gnolls (D:2)
  7 adders
  A shadow imp (D:6)
  An ufetubus (D:5)
  3 worms
  3 dart slugs
  13 orcs
  5 ball pythons
  A bat zombie (D:5)
  4 endoplasms
  3 giant cockroaches
  6 goblins
  5 hobgoblins
  4 quokkas
  5 bats
  2 frilled lizards
  6 kobolds
  4 rats
  5 rat zombies (D:5)
108 creatures vanquished.

Table legend:
 A = Non-vault XP
 B = Vault XP
 C = Vault XP percentage of total XP
 D = Non-vault monster count
 E = Vault monster count
 F = Vault count percentage of total count
                 A         B        C        D         E       F
            +---------+---------+-------+---------+---------+-------
      Total |    1606 |     218 |  12.0 |      99 |       9 |   8.3
            +---------+---------+-------+---------+---------+-------
        D:1 |      38 |       0 |   0.0 |      24 |       0 |   0.0
        D:2 |     111 |       0 |   0.0 |      17 |       0 |   0.0
        D:3 |      34 |       2 |   5.6 |       6 |       1 |  14.3
        D:4 |     119 |      37 |  23.7 |      20 |       1 |   4.8
        D:5 |     468 |       7 |   1.5 |      17 |       6 |  26.1
        D:6 |     397 |       0 |   0.0 |       9 |       0 |   0.0
        D:7 |     439 |     172 |  28.2 |       6 |       1 |  14.3
            +---------+---------+-------+---------+---------+-------

Illustrated notes

Table legend:
 A = Kills in this place as a percentage of kills in entire the game.
 B = Kills by you in this place as a percentage of kills by you in the entire game.
 C = Kills by friends in this place as a percentage of kills by friends in the entire game.
 D = Other kills in this place as a percentage of other kills in the entire game.
 E = Experience gained in this place as a percentage of experience gained in the entire game.
 F = Experience gained in this place divided by the number of levels of this place that you have seen.
                   A       B       C       D       E      F
               +-------+-------+-------+-------+-------+----------------------
         Total | 100.0 | 100.0 |   N/A |   N/A | 100.0 | 228.0
       Dungeon | 100.0 | 100.0 |   N/A |   N/A | 100.0 | 260.6
               +-------+-------+-------+-------+-------+----------------------

Table legend: (Time is in decaauts)
 A = Elapsed time spent in this place.
 B = Non-inter-level travel time spent in this place.
 C = Inter-level travel time spent in this place.
 D = Time resting spent in this place.
 E = Time spent auto-exploring this place.
 F = Levels seen in this place.
 G = Mean time per level.
                   A        B        C        D        E       F      G
               +--------+--------+--------+--------+--------+-----+--------+
         Total |   6668 |   6419 |    249 |    514 |   4318 |   8 |  833.5 |
       Dungeon |   6556 |   6307 |    249 |    514 |   4286 |   7 |  936.6 |
        Temple |    111 |    111 |      0 |      0 |     32 |   1 |  111.0 |
               +--------+--------+--------+--------+--------+-----+--------+

Top non-repeatable levels by time:
     D:4: 1286 daAuts
     D:1: 1206 daAuts
     D:6: 1089 daAuts
     D:5: 981 daAuts
     D:3: 818 daAuts
     D:2: 807 daAuts
     D:7: 366 daAuts
  Temple: 111 daAuts
